 Dungeon Crawl Stone Soup version 0.25-a0-591-g2ad0d861f1 (webtiles) character file.

Game seed: 14409975752442907206, levelgen mode: deterministic

16 Eurus the Grasshopper (level 2, 0/22 HPs)
             Began as a Demonspawn Warper on Mar 14, 2020.
             Slain by a goblin (3 damage)
             ... on level 1 of the Dungeon.
             The game lasted 00:03:14 (1318 turns).

Eurus the Grasshopper (Demonspawn Warper)           Turns: 1318, Time: 00:03:15

Health: 0/22       AC:  3    Str: 11    XL:     2   Next: 41%
Magic:  5/5        EV: 12    Int: 14    God:
Gold:   17         SH:  0    Dex: 12    Spells: 3/5 levels left

rFire    . . .     SeeInvis .     - Unarmed
rCold    . . .     Gourm    .   (no shield)
rNeg     . . .     Faith    .   a - +0 leather armour
rPois    .         Spirit   .   (no helmet)
rElec    .         Reflect  .   (no cloak)
rCorr    .         Harm     .   (no gloves)
MR       .....                  (no boots)
Stlth    +.........             (no amulet)
HPRegen  0.07/turn              (no ring)
MPRegen  0.09/turn              (no ring)

@: no status effects
A: claws 1
a: no special abilities


You were on level 1 of the Dungeon.
You were not hungry.

You visited 1 branch of the dungeon, and saw 2 of its levels.

You collected 17 gold pieces.

Inventory:

Missiles
 d - 5 boomerangs of dispersal (quivered)
Armour
 a - a +0 leather armour (worn)
Scrolls
 c - a scroll of blinking
 e - a scroll of identify {unknown}
 g - a scroll of enchant weapon {unknown}
 i - a scroll of enchant armour {unknown}
 k - a scroll of fog {unknown}
 m - a scroll of teleportation {unknown}
 n - a scroll of immolation {unknown}
 o - a scroll of noise {unknown}
Potions
 h - a potion of degeneration {unknown}
 j - a potion of stabbing {unknown}
 l - a potion of ambrosia {unknown}
Comestibles
 b - 2 chunks of flesh
 f - 2 rations


   Skills:
 - Level 2.0 Fighting
 - Level 1.0 Throwing
 - Level 1.0 Armour
 - Level 2.0 Dodging
 + Level 2.2 Unarmed Combat
 + Level 2.3 Spellcasting
 - Level 2.6 Translocations


You had 3 spell levels left.
You knew the following spells:

 Your Spells              Type           Power        Failure   Level  Hunger
a - Blink                 Tloc           N/A          16%         2    ###....

Your spell library contained the following spells:

 Spells                   Type           Power        Failure   Level  Hunger
 Shroud of Golubria       Chrm/Tloc      #.....       26%         2    ###....
 Gell's Gravitas          Tloc           #.........   30%         3    ###....
 Lesser Beckoning         Tloc           #.........   30%         3    ###....
 Teleport Other           Tloc           #.......     30%         3    ###....
 Passage of Golubria      Tloc           N/A          69%         4    #####..


Dungeon Overview and Level Annotations

Branches:
Dungeon (2/15)

Altars:

Annotations:
D:2 Natasha


Innate Abilities, Weirdness & Mutations

You have sharp fingernails.


Message History

The hobgoblin hits you but does no damage.
You closely miss the goblin.
The goblin is severely wounded.
The goblin misses you. The hobgoblin misses you.
You scratch the goblin.
The goblin is almost dead.
The goblin barely misses you. The hobgoblin hits you.
* * * LOW HITPOINT WARNING * * *
You closely miss the goblin.
The goblin is almost dead.
The goblin hits you.
* * * LOW HITPOINT WARNING * * *
The hobgoblin barely misses you.
You closely miss the goblin.
The goblin is almost dead.
The goblin misses you. The hobgoblin barely misses you.
You barely miss the goblin.
The goblin is almost dead.
The goblin hits you.
You die...

###### ###.##.## #.......#
###### #.#.##..# ##.....
#.#.##..####..####
##########.#.##....##..####
#.........................#
###.######.#.##..#.........
#.# #@g............... #.#
#g#.......##..#.## #รท#
#.####..#.##..#... #.# #.#
#..#.##......
#.######.####.......<....
##.............(..........
#........................#
##....................#.).
##.......................


You could see a hobgoblin and a goblin.

Vanquished Creatures
  2 leopard geckos (D:1)
  A ball python (D:1)
  A giant cockroach (D:1)
  2 goblins (D:1)
  3 hobgoblins
  2 frilled lizards
  2 rats (D:1)
13 creatures vanquished.

Notes
Turn   | Place    | Note
-------+----------+-------------------------------------------
     0 | D:1      | Eurus the Demonspawn Warper began the quest for the Orb.
     0 | D:1      | Reached XP level 1. HP: 16/16 MP: 3/3
   228 | D:1      | Reached skill level 1 in Throwing
   228 | D:1      | Reached skill level 1 in Armour
   516 | D:1      | Gained mutation: You have sharp fingernails. [demonic
                  | ancestry]
   516 | D:1      | Reached XP level 2. HP: 22/22 MP: 5/5
   520 | D:1      | Learned a level 2 spell: Blink
  1133 | D:2      | Noticed Natasha
  1318 | D:1      | Slain by a goblin

Levels and vault maps discovered:
D:1:      dpeg_arrival_lava_altar, layout_basic, serial_rivers,
          chequers_serial_rivers_micro_c, chequers_serial_rivers_micro_b,
          chequers_serial_rivers_micro_b, chequers_serial_rivers_micro_c
D:2:      layout_rooms, first_ration, solitary_fountain, cheibrodos_gnoll_hut,
          uniq_natasha

Skill      XL: |  1 |
---------------+----+-----
Throwing       | 1 |  1.0
Armour         | 1 |  1.0
Dodging        | 2 |  2.0
Unarmed Combat | 2 |  2.2
Fighting       | |  2.0
Spellcasting   | |  2.3
Translocations | |  2.6

Action                   || total
-------------------------++-------
Melee: Unarmed           ||    53
  Eat: Chunk             ||     1
Armor: Leather armour    ||     7
Dodge: Dodged            ||    33

Table legend:
 A = Non-vault XP
 B = Vault XP
 C = Vault XP percentage of total XP
 D = Non-vault monster count
 E = Vault monster count
 F = Vault count percentage of total count
                 A         B        C        D         E       F
            +---------+---------+-------+---------+---------+-------
      Total |      24 |       0 |   0.0 |      13 |       0 |   0.0
            +---------+---------+-------+---------+---------+-------
        D:1 |      21 |       0 |   0.0 |      11 |       0 |   0.0
        D:2 |       3 |       0 |   0.0 |       2 |       0 |   0.0
            +---------+---------+-------+---------+---------+-------
